Construct Section Command Post
Selects Air and Sea Battlegroup
Construct Field Infirmary
Construct Platoon Command Post
Selects Commando Section Paradrop
Selects M1 Pack Howitzer Paradrop
Construct Company Command Post
Selects Centaur Medium Tank
Commando Section Paradrop
Commando Section Paradrop
M1 Pack Howitzer Paradrop
Construct Field Infirmary
Selects Anti-tank Rocket Loiter
6-pounder Anti-tank Gun Team
6-pounder Anti-tank Gun Team
Commando Section Paradrop